 Dungeon Sprint DCSS version 0.22-a0-601-gb0ed703 (webtiles) character file.

8956 emperorscorpion the Black Belt (level 11, 0/86 HPs)
             Began as a Green Draconian Transmuter on July 6, 2018.
             Was a High Priest of Sif Muna.
             Slain by a deep troll (27 damage)
             ... in the Dungeon (Sprint IX: "|||||||||||||||||||||||||||||").
             The game lasted 00:10:27 (2526 turns).

emperorscorpion the Black Belt (DrTm)               Turns: 2526, Time: 00:10:28

Health: 0/86       AC:  2    Str: 13    XL:     11   Next: 16%
Magic:  20/25      EV: 33    Int: 14    God:    Sif Muna [*****.]
Gold:   1283       SH:  0    Dex: 19    Spells: 15/31 levels left

rFire    . . .     SeeInvis .     - Unarmed
rCold    . . .     Gourm    .   (shield currently unavailable)
rNeg     . . .     Faith    .   (armour unavailable)
rPois    x         Spirit   .   (helmet currently unavailable)
rElec    .         Reflect  .   (cloak currently unavailable)
rCorr    .         Harm     .   (gloves currently unavailable)
MR       .....     NoTele   +   (boots currently unavailable)
Stlth    +++.......             (no amulet)
HPRegen  0.24/turn              p - +2 ring of evasion
MPRegen  0.19/turn              q - +2 ring of evasion

@: spider-form
A: tiny, (breathe noxious fumes), unfitting armour, AC +7
a: End Transformation, Divine Energy, Channel Magic, Forget Spell, Renounce
Religion


You were in the Dungeon.
You worshipped Sif Muna.
Sif Muna was extremely pleased with you.
You were hungry.
You were a venomous arachnid creature.
You visited 1 branch You collected 1283 gold pieces.

Inventory:

Missiles
 a - 91 arrows
Armour
 n - a +0 pair of boots (melded)
 o - a +0 cloak (melded)
Magical Staves
 m - an uncursed staff of energy
Jewellery
 p - a +2 ring of evasion (left front leg)
 q - a +2 ring of evasion (right front leg)
Wands
 l - a wand of acid (10)
Scrolls
 i - 3 scrolls of blinking
 j - 5 scrolls of remove curse
 k - 2 scrolls of amnesia
 s - 2 scrolls of enchant armour
 t - a scroll of identify
 u - a scroll of fear
Potions
 b - 3 potions of berserk rage
 d - 6 potions of curing
 e - 6 potions of heal wounds
 f - a potion of haste
 g - 4 potions of magic
 h - a potion of invisibility
 w - a potion of might {unknown}
Miscellaneous
 r - a phial of floods
Comestibles
 c - 11 rations


   Skills:
 + Level 5.0 Fighting
 + Level 9.1 Dodging
 + Level 4.2 Stealth
 + Level 18.0 Unarmed Combat
 * Level 10.5 Spellcasting
 * Level 10.9 Transmutations
 * Level 4.8 Earth Magic
 - Level 4.0 Poison Magic
 + Level 0.9 Evocations


You had 15 spell levels left.
You knew the following spells:

 Your Spells              Type           Power        Failure   Level  Hunger
a - Beastly Appendage     Tmut           #####.       1%          1    None
b - Spider Form           Tmut/Pois      ####......   6%          3    #......
c - Ice Form              Ice/Tmut       ###.....     26%         4    ###....
d - Sticks to Snakes      Tmut           #####...     2%          2    None
e - Statue Form           Tmut/Erth      ####.....    73%         6    ######.

Your spell library contained the following spells:

 Spells                   Type           Power        Failure   Level  Hunger
 Bolt of Cold             Conj/Ice       #.........   100%        6    ######.
 Bolt of Magma            Conj/Fire/Erth ##........   93%         5    #####..
 Ring of Flames           Chrm/Fire      #.........   100%        7    #######
 Venom Bolt               Conj/Pois      ##........   90%         5    #####..
 Teleport Other           Tloc           #.......     52%         3    #......
 Sticky Flame             Conj/Fire      #.......     86%         4    ###....
 Summon Ice Beast         Ice/Summ       #.......     86%         4    ###....
 Stone Arrow              Conj/Erth      ##....       26%         3    #......
 Blade Hands              Tmut           #####.....   11%         5    #####..
 Passwall                 Tmut/Erth      ####....     3%          2    None
 Inner Flame              Hex/Fire       #.......     52%         3    #......
 Spectral Weapon          Hex/Chrm       #.......     52%         3    #......
 Lesser Beckoning         Tloc           #.........   52%         3    #......
 Borgnjor's Vile Clutch   Necr/Erth      ##........   87%         5    #####..


Dungeon Overview and Level Annotations

Branches:
Dungeon (1/1)

Altars:
Cheibriados
Dithmenos
Elyvilon
Fedhas
Gozag
Hepliaklqana
Kikubaaqudgha
Makhleb
Nemelex Xobeh
Okawaru
Qazlal
Ru
Sif Muna
Trog
Uskayaw
Vehumet
Wu Jian
Xom
Yredelemnul
Zin
The Shining One
Beogh
Jiyva
Lugonu

Shops:
D *


Innate Abilities, Weirdness & Mutations

((You can breathe blasts of noxious fumes.))
((Your lurid green scales are hard. (AC +7)))
You cannot fit into any form of body armour.
((Your system is resistant to poisons. (rPois)))
((You are cold-blooded and may be slowed by cold attacks.))


Message History

a trident; a plate armour You hit the deep troll.
The deep troll is lightly wounded.
The deep troll completely misses you. x2; The deep troll claws you!
You hit the deep troll.
The deep troll is poisoned.
The deep troll is lightly wounded.
The deep troll misses you. The deep troll completely misses you.
The deep troll closely misses you.
You hit the deep troll but do no damage.
The deep troll is lightly wounded.
You bite the deep troll!
The deep troll looks as sick as possible!
The deep troll is moderately wounded.
The deep troll bites you! The deep troll claws you!
The deep troll claws you but does no damage.
You bite the deep troll!
The deep troll looks as sick as possible!
The deep troll is heavily wounded.
The deep troll bites you!!
You die...

▓_▓.▓'▓.▓)▓
▓_▓.▓.▓.▓.▓
▓_▓.▓.▓.▓.▓
▓_▓.▓.▓.▓.▓
▓_▓.▓.▓.▓)▓
▓_▓.▓.▓.▓.▓
▓_▓.▓.▓.▓[▓
▓_▓.▓.▓.▓[▓
▓_▓.▓.▓.▓s▓
▓_▓.▓.▓.▓T▓
▓_▓.▓÷▓.▓)▓
▓_▓.▓.▓.▓.▓
▓_▓.▓.▓.▓.▓
▓_▓.▓.▓.▓.▓
▓_▓.▓.▓.▓.▓
▓_▓.▓.▓.▓.▓
▓_▓.▓.▓)▓.▓


You could see a deep troll.

Vanquished Creatures
  Urug (D)
  4 deep trolls (D)
  An orc knight (D)
  An orc sorcerer (D)
  A spiny frog (D)
  2 komodo dragons (D)
  3 trolls (D)
  2 polar bears (D)
  A slime creature (D)
  A wyvern (D)
  3 yaks (D)
  Grum (D)
  3 water moccasins (D)
  6 orc warriors (D)
  3 porcupines (D)
  An ice beast (D)
  6 black bears (D)
  An ogre (D)
  2 wolves (D)
  2 crocodiles (D)
  4 centaurs (D)
  4 bullfrogs (D)
  A scorpion (D)
  A wight (D)
  3 crimson imps (D)
  7 orc priests (D)
  An orc wizard (D)
  A worker ant (D)
  An ooze (D)
  An adder skeleton (D)
  10 orcs (D)
  A goblin (D)
  A ball python (D)
  A kobold (D)
  A rat (D)
83 creatures vanquished.

Vanquished Creatures (collateral kills)
  An orc warrior (D)
1 creature vanquished.

Grand Total: 84 creatures vanquished

Notes
Turn   | Place    | Note
-------+----------+-------------------------------------------
     0 | D        | emperorscorpion the Draconian Transmuter began the quest for the Orb.
     0 | D        | Reached XP level 1. HP: 16/16 MP: 3/3
    23 | D        | Reached XP level 2. HP: 20/23 MP: 5/5
    68 | D        | Noticed a centaur
    68 | D        | Noticed a crimson imp
    68 | D        | Noticed a crimson imp
    71 | D        | Reached skill level 5 in Unarmed Combat
    71 | D        | Reached XP level 3. HP: 28/28 MP: 5/7
    74 | D        | Killed a centaur
    74 | D        | Reached skill level 7 in Unarmed Combat
    74 | D        | Reached XP level 4. HP: 35/35 MP: 5/9
    78 | D        | Reached XP level 5. HP: 40/40 MP: 5/11
    86 | D        | Learned a level 3 spell: Spider Form
    89 | D        | Reached skill level 8 in Unarmed Combat
   113 | D        | Found a roughly hewn altar of Beogh.
   113 | D        | Found a snail-covered altar of Cheibriados.
   113 | D        | Found a shadowy altar of Dithmenos.
   113 | D        | Found a white marble altar of Elyvilon.
   113 | D        | Found a blossoming altar of Fedhas.
   113 | D        | Found an opulent altar of Gozag.
   119 | D        | Learned a level 4 spell: Ice Form
   119 | D        | Found a hazy altar of Hepliaklqana.
   120 | D        | Found a viscous altar of Jiyva.
   121 | D        | Found an ancient bone altar of Kikubaaqudgha.
   122 | D        | Found a corrupted altar of Lugonu.
   123 | D        | Found a burning altar of Makhleb.
   124 | D        | Found a sparkling altar of Nemelex Xobeh.
   125 | D        | Found an iron altar of Okawaru.
   126 | D        | Found a stormy altar of Qazlal.
   127 | D        | Found a sacrificial altar of Ru.
   128 | D        | Found a deep blue altar of Sif Muna.
   129 | D        | Found a bloodstained altar of Trog.
   130 | D        | Found a hide-covered altar of Uskayaw.
   131 | D        | Found a radiant altar of Vehumet.
   132 | D        | Found an ornate altar of the Wu Jian Council.
   133 | D        | Found a shimmering altar of Xom.
   134 | D        | Found a basalt altar of Yredelemnul.
   135 | D        | Found a glowing silver altar of Zin.
   136 | D        | Became a worshipper of Sif Muna the Loreminder
   140 | D        | Learned a level 2 spell: Sticks to Snakes
   140 | D        | Found a glowing golden altar of the Shining One.
   182 | D        | Noticed an ogre
   182 | D        | Noticed a centaur
   182 | D        | Noticed an ice beast
   188 | D        | Reached skill level 5 in Spellcasting
   192 | D        | Killed an ogre
   192 | D        | Reached skill level 5 in Dodging
   192 | D        | Reached skill level 9 in Unarmed Combat
   192 | D        | Reached skill level 5 in Transmutations
   192 | D        | Reached XP level 6. HP: 39/48 MP: 5/14
   197 | D        | Reached * piety under Sif Muna
   197 | D        | Reached skill level 10 in Unarmed Combat
   208 | D        | Killed an ice beast
   208 | D        | Reached skill level 1 in Poison Magic
   208 | D        | Your scales start taking on a lurid green colour.
   208 | D        | Reached XP level 7. HP: 21/55 MP: 7/16
   208 | D        | Gained mutation: Your system is resistant to poisons. (rPois) [Green Draconian growth]
   400 | D        | Noticed a slime creature
   402 | D        | Reached ** piety under Sif Muna
   411 | D        | Killed a slime creature
   411 | D        | Reached skill level 11 in Unarmed Combat
   415 | D        | Reached skill level 12 in Unarmed Combat
   553 | D        | Noticed a yak
   553 | D        | Noticed a yak
   553 | D        | Noticed a komodo dragon
   557 | D        | Noticed a komodo dragon
   560 | D        | Reached *** piety under Sif Muna
   560 | D        | Reached XP level 8. HP: 43/62 MP: 14/18
   573 | D        | Reached skill level 13 in Unarmed Combat
   578 | D        | Reached skill level 1 in Stealth
   846 | D        | Killed a komodo dragon
   858 | D        | Killed a komodo dragon
   858 | D        | Reached **** piety under Sif Muna
   858 | D        | Reached skill level 14 in Unarmed Combat
   858 | D        | Reached XP level 9. HP: 42/71 MP: 18/20
  1142 | D        | Noticed a spiny frog
  1146 | D        | Killed a spiny frog
  1151 | D        | Reached skill level 15 in Unarmed Combat
  1176 | D        | Reached ***** piety under Sif Muna
  1176 | D        | Identified Sif Muna's Easy Magic (Sif Muna gifted it to you in the Dungeon)
  1176 | D        | Received a gift from Sif Muna
  1346 | D        | Noticed a polar bear
  1346 | D        | Noticed a polar bear
  1359 | D        | Killed a polar bear
  1364 | D        | Reached skill level 16 in Unarmed Combat
  1374 | D        | Killed a polar bear
  1374 | D        | Reached XP level 10. HP: 64/78 MP: 17/22
  1496 | D        | Noticed Grum
  1503 | D        | Killed Grum
  1514 | D        | Noticed Urug
  1531 | D        | Killed Urug
  1747 | D        | Identified Sif Muna's Guide on Hurtful Clay (Sif Muna gifted it to you in the Dungeon)
  1747 | D        | Received a gift from Sif Muna
  1809 | D        | Learned a level 6 spell: Statue Form
  1829 | D        | Reached skill level 17 in Unarmed Combat
  1829 | D        | Reached skill level 10 in Transmutations
  1829 | D        | Reached skill level 1 in Earth Magic
  1829 | D        | Noticed an orc knight
  1830 | D        | Noticed an orc sorcerer
  2235 | D        | Killed an orc knight
  2270 | D        | Noticed an orange demon
  2285 | D        | Noticed a rust devil
  2286 | D        | Killed an orc sorcerer
  2461 | D        | Found Ytew's Assorted Antiques.
  2461 | D        | Noticed a deep troll
  2461 | D        | Noticed a deep troll
  2461 | D        | Noticed a deep troll
  2468 | D        | Killed a deep troll
  2468 | D        | Identified Sif Muna's Almanac of Frigorific Fire (Sif Muna gifted it to you in the Dungeon)
  2468 | D        | Received a gift from Sif Muna
  2472 | D        | Noticed a deep troll
  2474 | D        | Killed a deep troll
  2474 | D        | Reached skill level 10 in Spellcasting
  2474 | D        | Reached XP level 11. HP: 63/85 MP: 22/25
  2505 | D        | Killed a deep troll
  2515 | D        | Killed a deep troll
  2515 | D        | Reached skill level 5 in Fighting
  2515 | D        | Noticed a deep troll
  2518 | D        | Reached skill level 18 in Unarmed Combat
  2526 | D        | Slain by a deep troll

Vault maps used:
D:        linesprint

Skill      XL: |  1  2  3  4  5  6  7  8  9 10 11 |
---------------+----------------------------------+-----
Dodging        | 2 3 4 5 6 7 8 9 |  9.1
Unarmed Combat | 5 7 9 10 12 14 16 17 18 | 18.0
Transmutations | 3 4 5 6 7 8 9 10 | 10.9
Spellcasting   | 3 4 5 6 7 8 10 | 10.5
Fighting       | 2 3 4 5 |  5.0
Poison Magic   | 1 2 3 4 |  4.0
Stealth        | 1 2 4 |  4.2
Earth Magic    | 3 4 |  4.8
Evocations     | |  0.9

Action                   |  1- 3 |  4- 6 |  7- 9 | 10-12 || total
-------------------------+-------+-------+-------+-------++-------
Melee: Unarmed           |    22 |    33 |   138 |   126 ||   319
       Kick              |     4 |       |       |       ||     4
       Tailslap          |     3 |       |       |     2 ||     5
 Cast: Beastly Appendage |     2 |       |       |       ||     2
       Spider Form       |       |     2 |     8 |     6 ||    16
       Sticks to Snakes  |       |     1 |     2 |     7 ||    10
       Ice Form          |       |       |       |     1 ||     1
 Abil: End Transformatio |       |       |       |     1 ||     1
       Breathe Noxious F |       |       |       |     2 ||     2
Evoke: Phial of floods   |       |       |       |     1 ||     1
  Use: Potion            |     1 |       |       |     1 ||     2
 Stab: Sleeping          |       |       |     1 |     1 ||     2
       Distracted        |       |       |       |     1 ||     1
  Eat: Chunk             |       |       |     2 |     4 ||     6
Armor: Skin              |     2 |     1 |     4 |     2 ||     9
Dodge: Dodged            |    10 |    20 |   109 |    82 ||   221

Table legend:
 A = Spawn XP
 B = Non-spawn XP
 C = Spawn XP percentage of total XP
 D = Spawn monster count
 E = Non-spawn monster count
 F = Spawn count percentage of total count
 G = Total turns spent on level
                    A         B        C        D         E        F      G
               +---------+---------+-------+---------+---------+-------+---------
         Total |       0 |   12795 |   0.0 |       0 |      84 |   0.0 |  2526
               +---------+---------+-------+---------+---------+-------+---------
             D |       0 |   12795 |   0.0 |       0 |      84 |   0.0 |  2526
               +---------+---------+-------+---------+---------+-------+---------
